[ AOE2 MATCH · #507104929 ]
UnrankedWei vs Celts
Player's team · WIN
Rival team · LOSS
[ REPLAY ANALYSIS · EXTRACTED FROM THE RECORDED GAME ]
Feudal
9:15
Castle
20:16
Imperial
33:00
| APM avg | 57.5 |
| APM peak | 144 |
| eAPM avg | 21.6 |
| Villagers / military | 132 / 13 |
Focus
⚔️ 27.8% · 🌾 72.2%
Unknown (1952) ×72 · Unknown (1949) ×12 · Skirmisher ×8 · Unknown (1942) ×6 · Monk ×3 · Scout Cavalry ×2
Feudal
11:23
Castle
19:58
Imperial
35:21
| APM avg | 75.1 |
| APM peak | 139 |
| eAPM avg | 41.1 |
| Villagers / military | 132 / 98 |
Focus
⚔️ 66.8% · 🌾 33.2%
Spearman ×47 · Archer ×21 · Scorpion ×14 · Battering Ram ×9 · Militia ×3 · Woad Raider ×3
Match map
Initial resources + every placement click. Lines = walls · curves = elevation contours. ◆ gold · ⬟ stone · ● berries · ✦ relic · ◌ wall gap
Your base· ✓ Closed at 20:16 · 35t walls · 1 gate(s)
stockfish's base· ✓ Closed at 19:58 · 45t walls · no gate
Smoothed initial terrain · ◌ = detected wall gap · hover for details
Inputs per minute
— Riut - - stockfish
Build order — Riut
First 150 of 378 actions detected
| 0:00 | Queue | Villager (Male) |
| 0:00 | Queue | Villager (Male) |
| 0:00 | Queue | Villager (Male) |
| 0:01 | Queue | Villager (Male) |
| 0:01 | Queue | Villager (Male) |
| 0:02 | Build | House |
| 0:02 | Build | House |
| 1:27 | Queue | Villager (Male) |
| 1:27 | Queue | Villager (Male) |
| 1:30 | Build | Mill |
| 1:55 | Queue | Villager (Male) |
| 2:27 | Queue | Villager (Male) |
| 2:27 | Queue | Villager (Male) |
| 2:27 | Queue | Villager (Male) |
| 2:55 | Queue | Villager (Male) |
| 2:55 | Queue | Villager (Male) |
| 3:17 | Queue | Villager (Male) |
| 3:17 | Queue | Villager (Male) |
| 3:28 | Build | House |
| 3:44 | Queue | Villager (Male) |
| 3:44 | Queue | Villager (Male) |
| 4:22 | Queue | Villager (Male) |
| 4:22 | Queue | Villager (Male) |
| 4:22 | Queue | Villager (Male) |
| 5:03 | Queue | Villager (Male) |
| 5:03 | Queue | Villager (Male) |
| 5:22 | Queue | Villager (Male) |
| 5:26 | Research | Loom |
| 5:47 | Build | Lumber Camp |
| 6:56 | Research | Feudal Age |
| 7:48 | Build | Palisade Wall |
| 7:54 | Build | Palisade Wall |
| 8:02 | Build | House |
| 8:51 | Build | Barracks |
| 8:55 | Queue | Villager (Male) |
| 8:55 | Queue | Villager (Male) |
| 9:15 | Age | Feudal Age |
| 9:26 | Research | Double-Bit Axe |
| 9:50 | Queue | Villager (Male) |
| 9:53 | Build | Stable |
| 9:59 | Build | Mill |
| 10:10 | Queue | Villager (Male) |
| 10:12 | Build | House |
| 10:28 | Research | Horse Collar |
| 10:32 | Queue | Scout Cavalry |
| 10:32 | Queue | Scout Cavalry |
| 10:47 | Queue | Villager (Male) |
| 10:52 | Build | Farm |
| 10:59 | Build | Farm |
| 11:05 | Build | House |
| 11:09 | Queue | Villager (Male) |
| 11:14 | Build | Palisade Wall |
| 11:18 | Build | Palisade Wall |
| 11:20 | Build | Palisade Wall |
| 11:24 | Queue | Villager (Male) |
| 11:26 | Build | Farm |
| 11:58 | Build | Archery Range |
| 12:04 | Queue | Villager (Male) |
| 12:18 | Build | Farm |
| 12:21 | Queue | Villager (Male) |
| 12:23 | Build | Farm |
| 12:27 | Build | House |
| 13:00 | Queue | Villager (Male) |
| 13:02 | Queue | Skirmisher |
| 13:12 | Build | House |
| 13:20 | Queue | Villager (Male) |
| 13:22 | Build | Farm |
| 13:24 | Build | Farm |
| 13:25 | Queue | Skirmisher |
| 13:29 | Queue | Villager (Male) |
| 13:31 | Build | Farm |
| 13:44 | Build | Palisade Gate |
| 13:50 | Queue | Skirmisher |
| 13:52 | Queue | Villager (Male) |
| 14:07 | Build | Farm |
| 14:15 | Queue | Skirmisher |
| 14:23 | Build | Palisade Wall |
| 14:30 | Queue | Skirmisher |
| 14:30 | Queue | Villager (Male) |
| 14:45 | Build | Mining Camp |
| 14:53 | Queue | Skirmisher |
| 14:54 | Queue | Villager (Male) |
| 14:56 | Build | House |
| 15:14 | Build | House |
| 15:18 | Queue | Villager (Male) |
| 15:20 | Build | House |
| 15:29 | Build | Farm |
| 15:30 | Build | Farm |
| 15:47 | Queue | Villager (Male) |
| 15:53 | Build | Palisade Wall |
| 15:56 | Build | Lumber Camp |
| 15:58 | Queue | Villager (Male) |
| 16:18 | Queue | Skirmisher |
| 16:28 | Queue | Villager (Male) |
| 16:28 | Queue | Villager (Male) |
| 16:49 | Build | Blacksmith |
| 17:07 | Research | Gold Mining |
| 17:14 | Research | Castle Age |
| 17:17 | Queue | Skirmisher |
| 17:45 | Build | Palisade Wall |
| 17:59 | Build | Farm |
| 18:01 | Build | Farm |
| 18:11 | Research | Fletching |
| 18:38 | Build | House |
| 19:05 | Research | Bloodlines |
| 19:07 | Research | Padded Archer Armor |
| 19:12 | Build | Palisade Wall |
| 19:15 | Build | Archery Range |
| 19:29 | Build | Archery Range |
| 19:48 | Build | Lumber Camp |
| 19:49 | Queue | Villager (Male) |
| 20:16 | Age | Castle Age |
| 20:19 | Queue | Unit 1952 |
| 20:19 | Queue | Unit 1952 |
| 20:19 | Queue | Unit 1952 |
| 20:22 | Research | Bow Saw |
| 20:25 | Research | Wheelbarrow |
| 20:33 | Queue | Villager (Male) |
| 20:34 | Queue | Unit 1952 |
| 20:34 | Queue | Unit 1952 |
| 20:34 | Queue | Unit 1952 |
| 20:34 | Queue | Unit 1952 |
| 20:35 | Queue | Unit 1952 |
| 21:00 | Research | Bodkin Arrow |
| 21:13 | Build | House |
| 21:14 | Queue | Unit 1952 |
| 21:15 | Queue | Unit 1952 |
| 21:15 | Queue | Unit 1952 |
| 21:25 | Queue | Unit 1952 |
| 21:25 | Queue | Unit 1952 |
| 21:25 | Queue | Unit 1952 |
| 21:25 | Queue | Unit 1952 |
| 21:25 | Queue | Unit 1952 |
| 21:27 | Queue | Villager (Male) |
| 21:49 | Build | House |
| 22:00 | Build | Town Center |
| 22:23 | Queue | Unit 1952 |
| 22:24 | Queue | Unit 1952 |
| 22:24 | Queue | Unit 1952 |
| 22:29 | Queue | Villager (Male) |
| 22:31 | Build | House |
| 22:39 | Queue | Unit 1952 |
| 22:39 | Queue | Unit 1952 |
| 22:39 | Queue | Unit 1952 |
| 22:40 | Queue | Unit 1952 |
| 22:42 | Research | Leather Archer Armor |
| 22:42 | Research | Leather Archer Armor |
| 22:45 | Research | Husbandry |
| 22:58 | Queue | Villager (Male) |
| 23:18 | Queue | Unit 1952 |
Build order — stockfish
First 150 of 387 actions detected
| 0:00 | Queue | Villager (Male) |
| 0:00 | Queue | Villager (Male) |
| 0:01 | Queue | Villager (Male) |
| 0:01 | Build | House |
| 0:02 | Build | House |
| 0:08 | Queue | Villager (Male) |
| 0:08 | Queue | Villager (Male) |
| 1:27 | Queue | Villager (Male) |
| 1:27 | Queue | Villager (Male) |
| 1:48 | Build | Lumber Camp |
| 1:49 | Queue | Villager (Male) |
| 2:20 | Queue | Villager (Male) |
| 2:20 | Queue | Villager (Male) |
| 2:48 | Queue | Villager (Male) |
| 3:10 | Queue | Villager (Male) |
| 3:40 | Queue | Villager (Male) |
| 3:48 | Build | House |
| 4:03 | Queue | Villager (Male) |
| 4:10 | Build | Barracks |
| 4:38 | Queue | Villager (Male) |
| 5:02 | Queue | Villager (Male) |
| 5:14 | Build | House |
| 5:17 | Queue | Villager (Male) |
| 5:19 | Queue | Militia |
| 5:19 | Queue | Militia |
| 5:34 | Build | Mill |
| 5:41 | Queue | Villager (Male) |
| 5:45 | Queue | Militia |
| 5:52 | Build | House |
| 6:07 | Queue | Villager (Male) |
| 6:24 | Build | Farm |
| 6:35 | Queue | Villager (Male) |
| 6:53 | Build | Farm |
| 6:59 | Queue | Villager (Male) |
| 7:18 | Build | Farm |
| 7:19 | Queue | Villager (Male) |
| 7:54 | Queue | Villager (Male) |
| 8:13 | Build | Farm |
| 8:13 | Queue | Villager (Male) |
| 8:37 | Research | Loom |
| 9:06 | Research | Feudal Age |
| 9:13 | Build | Lumber Camp |
| 10:05 | Build | Mining Camp |
| 10:14 | Build | Palisade Wall |
| 10:22 | Build | House |
| 10:39 | Build | House |
| 10:44 | Build | Palisade Wall |
| 10:46 | Queue | Villager (Male) |
| 11:12 | Build | Palisade Wall |
| 11:23 | Age | Feudal Age |
| 11:26 | Build | Farm |
| 11:28 | Build | Archery Range |
| 11:29 | Queue | Spearman |
| 11:32 | Queue | Villager (Male) |
| 11:36 | Build | Farm |
| 11:40 | Build | House |
| 11:42 | Queue | Villager (Male) |
| 11:48 | Build | Palisade Wall |
| 11:51 | Queue | Villager (Male) |
| 11:52 | Research | Man-at-Arms (upgrade) |
| 11:56 | Queue | Spearman |
| 11:58 | Build | Palisade Wall |
| 12:01 | Queue | Villager (Male) |
| 12:04 | Build | House |
| 12:08 | Build | Palisade Wall |
| 12:10 | Queue | Villager (Male) |
| 12:12 | Build | Palisade Wall |
| 12:25 | Build | Palisade Wall |
| 12:34 | Queue | Villager (Male) |
| 12:49 | Queue | Villager (Male) |
| 12:50 | Queue | Spearman |
| 13:04 | Queue | Villager (Male) |
| 13:18 | Queue | Villager (Male) |
| 13:19 | Queue | Archer |
| 13:23 | Build | Palisade Wall |
| 13:26 | Build | Farm |
| 13:30 | Build | Farm |
| 13:35 | Queue | Archer |
| 13:37 | Build | Farm |
| 13:40 | Research | Double-Bit Axe |
| 13:44 | Queue | Villager (Male) |
| 13:54 | Build | Farm |
| 14:06 | Build | Farm |
| 14:08 | Queue | Archer |
| 14:17 | Build | Palisade Wall |
| 14:21 | Research | Arson |
| 14:26 | Queue | Villager (Male) |
| 14:31 | Build | Farm |
| 14:35 | Build | House |
| 14:44 | Queue | Villager (Male) |
| 14:47 | Queue | Archer |
| 14:52 | Build | Farm |
| 15:04 | Queue | Archer |
| 15:31 | Queue | Archer |
| 15:47 | Build | Blacksmith |
| 15:54 | Build | Blacksmith |
| 15:57 | Queue | Archer |
| 16:15 | Queue | Villager (Male) |
| 16:23 | Build | Farm |
| 16:24 | Build | Farm |
| 16:25 | Queue | Archer |
| 16:44 | Queue | Villager (Male) |
| 17:03 | Build | Stable |
| 17:05 | Queue | Archer |
| 17:07 | Queue | Villager (Male) |
| 17:18 | Research | Castle Age |
| 17:24 | Queue | Archer |
| 17:47 | Research | Horse Collar |
| 18:11 | Queue | Archer |
| 18:15 | Research | Fletching |
| 18:36 | Queue | Archer |
| 19:10 | Queue | Archer |
| 19:32 | Queue | Villager (Male) |
| 19:58 | Age | Castle Age |
| 20:01 | Build | Town Center |
| 20:02 | Research | Crossbowman (upgrade) |
| 20:02 | Research | Bodkin Arrow |
| 20:07 | Build | Town Center |
| 20:14 | Research | Bow Saw |
| 20:15 | Queue | Villager (Male) |
| 20:19 | Queue | Archer |
| 20:30 | Build | House |
| 20:33 | Queue | Villager (Male) |
| 20:39 | Queue | Archer |
| 20:47 | Queue | Knight |
| 20:59 | Queue | Villager (Male) |
| 21:10 | Queue | Villager (Male) |
| 21:16 | Queue | Villager (Male) |
| 21:25 | Queue | Villager (Male) |
| 21:31 | Queue | Villager (Male) |
| 21:33 | Queue | Villager (Male) |
| 21:34 | Queue | Villager (Male) |
| 21:39 | Build | Farm |
| 21:41 | Build | Farm |
| 21:43 | Queue | Villager (Male) |
| 21:45 | Build | House |
| 21:45 | Build | House |
| 21:52 | Queue | Archer |
| 21:55 | Queue | Archer |
| 22:04 | Queue | Villager (Male) |
| 22:04 | Queue | Archer |
| 22:05 | Build | Farm |
| 22:07 | Queue | Villager (Male) |
| 22:26 | Queue | Villager (Male) |
| 22:27 | Queue | Archer |
| 22:31 | Queue | Villager (Male) |
| 22:35 | Build | Farm |
| 22:36 | Build | Farm |
| 22:41 | Build | Siege Workshop |
| 22:47 | Queue | Villager (Male) |
Match timeline
| 4:10 | stockfish · first_building Barracks |
| 7:48 | Riut · wall_segment Palisade Wall x5 |
| 7:54 | Riut · wall_segment Palisade Wall x4 |
| 8:51 | Riut · first_building Barracks |
| 9:15 | Riut · age_up feudal |
| 9:53 | Riut · first_building Stable |
| 10:14 | stockfish · wall_segment Palisade Wall x5 |
| 10:44 | stockfish · wall_segment Palisade Wall x10 |
| 11:12 | stockfish · wall_segment Palisade Wall x3 |
| 11:14 | Riut · wall_segment Palisade Wall x3 |
| 11:18 | Riut · wall_segment Palisade Wall x1 |
| 11:20 | Riut · wall_segment Palisade Wall x1 |
| 11:23 | stockfish · age_up feudal |
| 11:28 | stockfish · first_building Archery Range |
| 11:48 | stockfish · wall_segment Palisade Wall x1 |
| 11:58 | Riut · first_building Archery Range |
| 11:58 | stockfish · wall_segment Palisade Wall x7 |
| 12:08 | stockfish · wall_segment Palisade Wall x3 |
| 12:12 | stockfish · wall_segment Palisade Wall x5 |
| 12:25 | stockfish · wall_segment Palisade Wall x5 |
| 13:23 | stockfish · wall_segment Palisade Wall x4 |
| 14:17 | stockfish · wall_segment Palisade Wall x2 |
| 14:23 | Riut · wall_segment Palisade Wall x1 |
| 15:53 | Riut · wall_segment Palisade Wall x1 |
| 17:03 | stockfish · first_building Stable |
| 17:45 | Riut · wall_segment Palisade Wall x18 |
| 19:12 | Riut · wall_segment Palisade Wall x1 |
| 19:58 | stockfish · age_up castle |
| 20:16 | Riut · age_up castle |
| 22:41 | stockfish · first_building Siege Workshop |
| 23:23 | Riut · wall_segment Palisade Wall x1 |
| 24:52 | stockfish · wall_segment Stone Wall x1 |
| 26:29 | Riut · first_building Monastery |
| 28:10 | Riut · first_building Siege Workshop |
| 28:26 | Riut · first_building Castle |
| 28:47 | Riut · first_market_sell 500 wood |
| 28:47 | Riut · first_market_buy 500 food |
| 29:10 | stockfish · wall_segment Stone Wall x8 |
| 29:39 | stockfish · wall_segment Stone Wall x8 |
| 29:43 | stockfish · wall_segment Stone Wall x3 |
| 30:20 | stockfish · first_building Castle |
| 30:56 | stockfish · first_building Monastery |
| 31:57 | stockfish · first_market_sell 100 wood |
| 32:03 | stockfish · first_market_buy 100 food |
| 33:00 | Riut · age_up imperial |
| 34:40 | stockfish · wall_segment Stone Wall x2 |
| 35:21 | stockfish · age_up imperial |
| 37:22 | stockfish · resign |
[ AI ANALYSIS · 1 CREDIT ]
What really happened in this match?
Wolo.gg analyzes every decision: build order, eco, micro, common mistakes by bracket. Personalized analysis on WhatsApp or Discord in 30 seconds.
Civ guide
Wei
Perfil
Jugador #1045839